PA
YELLOWKNIFE DRAGONBLOOD @ GWINNETT COUNTY BLACK CATS
09/01/2026
 
TOP OF THE 1ST
Yellowknife Dragonblood batting - Pitching for Gwinnett County Black Cats : RHP Luis Villabos
Pitching: RHP Luis Villabos
Batting: LHB Jeff Lawson 0-0: Called Strike
0-1: Called Strike
0-2: Strikes out swinging
Batting: RHB Keith Kamen 0-0: Foul Ball, location: 2F
0-1: Fly out, F8 (Line Drive, 8RM)
Batting: RHB Felipe Campos 0-0: Foul Ball, location: 2F
0-1: Ball
1-1: Ball
2-1: Ball
3-1: Ground out 6-3 (Groundball, 6)
Top of the 1st over - 0 run(s), 0 hit(s), 0 error(s), 0 left on base; Yellowknife 0 - Gwinnett County 0
BOTTOM OF THE 1ST
Gwinnett County Black Cats batting - Pitching for Yellowknife Dragonblood : RHP Cecil Szatkowski
Pitching: RHP Cecil Szatkowski
Batting: RHB Sidney Mackell 0-0: DOUBLE (Flyball, 78M)
Batting: LHB Ramón Vega 0-0: Ground out U3 (Groundball, 3)
Sidney Mackell to third
Batting: SHB Ted Tullo 0-0: Ball
1-0: Ball
2-0: Ball
3-0: Base on Balls
Batting: LHB Koen van den Bogaert 0-0: Ball
1-0: Ball
2-0: Called Strike
2-1: SINGLE (Line Drive, 8RS)
Sidney Mackell scores
Ted Tullo to second
Runner from 2nd tries for 3rd, SAFE, throw made to third
Batting: SHB Melito Báez 0-0: Called Strike
0-1: Foul Ball, location: 2F
0-2: Foul Ball, location: 2F
0-2: Fly out, F2 (Popup, 23)
Batting: LHB Octávio Ontiveros 0-0: Called Strike
0-1: Foul Ball, location: 2F
0-2: Foul Ball, location: 2F
0-2: Ball
1-2: Ball
2-2: Strikes out swinging
Bottom of the 1st over - 1 run(s), 2 hit(s), 0 error(s), 2 left on base; Yellowknife 0 - Gwinnett County 1
TOP OF THE 2ND
Yellowknife Dragonblood batting - Pitching for Gwinnett County Black Cats : RHP Luis Villabos
Batting: RHB Seth Rollins 0-0: Called Strike
0-1: Swinging Strike
0-2: Strikes out looking
Batting: LHB Steven Mitchell 0-0: Called Strike
0-1: Ball
1-1: Foul Ball, location: 2F
1-2: Ball
2-2: Ball
3-2: Ground out U3 (Groundball, 34)
Batting: RHB Arturo Sánchez 0-0: Ground out 6-3 (Groundball, 6)
Top of the 2nd over - 0 run(s), 0 hit(s), 0 error(s), 0 left on base; Yellowknife 0 - Gwinnett County 1
BOTTOM OF THE 2ND
Gwinnett County Black Cats batting - Pitching for Yellowknife Dragonblood : RHP Cecil Szatkowski
Batting: RHB Chang-lit Min 0-0: Called Strike
0-1: Foul Ball, location: 2F
0-2: Ball
1-2: Fly out, F9 (Flyball, 9LSF)
Batting: RHB Rikky van Opel 0-0: Foul Ball, location: 2F
0-1: Swinging Strike
0-2: Foul Ball, location: 2F
0-2: Foul Ball, location: 2F
0-2: Fly out, F8 (Flyball, 89M)
Batting: RHB Edgar Balerio 0-0: SINGLE (Line Drive, 7LS)
Batting: RHB Sidney Mackell 0-0: Called Strike
0-1: Ball
1-1: Ball
2-1: Ground out 1-3 (Groundball, 13S)
Bottom of the 2nd over - 0 run(s), 1 hit(s), 0 error(s), 1 left on base; Yellowknife 0 - Gwinnett County 1
TOP OF THE 3RD
Yellowknife Dragonblood batting - Pitching for Gwinnett County Black Cats : RHP Luis Villabos
Batting: RHB Chong-yee Au-Yong 0-0: Foul Ball, location: 2F
0-1: Ball
1-1: Called Strike
1-2: Strikes out swinging
Batting: RHB Alejandro Bracamonte 0-0: Called Strike
0-1: Ball
1-1: Called Strike
1-2: Ball
2-2: Foul Ball, location: 2F
2-2: Strikes out looking
Batting: RHB Cosmo Castanhedo 0-0: Ball
1-0: Ground out 6-3 (Groundball, 6)
Top of the 3rd over - 0 run(s), 0 hit(s), 0 error(s), 0 left on base; Yellowknife 0 - Gwinnett County 1
BOTTOM OF THE 3RD
Gwinnett County Black Cats batting - Pitching for Yellowknife Dragonblood : RHP Cecil Szatkowski
Batting: LHB Ramón Vega 0-0: Swinging Strike
0-1: SINGLE (Groundball, 4MD)
Batting: SHB Ted Tullo 0-0: SINGLE (Line Drive, 4MD)
Ramón Vega to second
Batting: LHB Koen van den Bogaert 0-0: Swinging Strike
0-1: Called Strike
0-2: Ball
1-2: Ball
2-2: Foul Ball, location: 2F
2-2: Fielders Choice at 2nd, 4-6 (Groundball, 4)
Ramón Vega to third
Batting: SHB Melito Báez 0-0: Ball
1-0: Called Strike
Koen van den Bogaert steals 2nd base
1-1: SINGLE (Line Drive, 8LS)
Ramón Vega scores
Koen van den Bogaert to third
Batting: LHB Octávio Ontiveros 0-0: Called Strike
0-1: Ball
1-1: Foul Ball, location: 2F
1-2: Ball
2-2: Foul Ball, location: 2F
2-2: Ball
3-2: Base on Balls
Melito Báez to second
Batting: RHB Chang-lit Min 0-0: Called Strike
0-1: Ball
Wild Pitch!
Koen van den Bogaert scores
Melito Báez to third
Octávio Ontiveros to second
1-1: Ground out 4-3 (Groundball, 4)
Melito Báez scores
Octávio Ontiveros to third
Batting: RHB Rikky van Opel 0-0: Called Strike
0-1: Swinging Strike
0-2: Ball
1-2: Strikes out swinging
Bottom of the 3rd over - 3 run(s), 3 hit(s), 0 error(s), 1 left on base; Yellowknife 0 - Gwinnett County 4
TOP OF THE 4TH
Yellowknife Dragonblood batting - Pitching for Gwinnett County Black Cats : RHP Luis Villabos
Batting: LHB Jeff Lawson 0-0: Foul Ball, location: 2F
0-1: Ball
1-1: Ball
2-1: Ball
3-1: Swinging Strike
3-2: Base on Balls
Batting: RHB Keith Kamen 0-0: Ball
1-0: Ball
2-0: Called Strike
2-1: Ball
3-1: Base on Balls
Jeff Lawson to second
Batting: RHB Felipe Campos 0-0: Ball
1-0: Ball
2-0: Ball
3-0: Called Strike
3-1: Base on Balls
Jeff Lawson to third
Keith Kamen to second
Batting: RHB Seth Rollins 0-0: Called Strike
0-1: SINGLE (Groundball, 4D)
Jeff Lawson scores
Keith Kamen to third
Felipe Campos to second
Batting: LHB Steven Mitchell 0-0: Grounds into double play, 1-2-3 (Groundball, 15S)
Felipe Campos to third
Seth Rollins to second
Batting: RHB Arturo Sánchez 0-0: Ball
1-0: Foul Ball, location: 2F
1-1: Called Strike
1-2: Ball
2-2: Foul Ball, location: 2F
2-2: Strikes out looking
Top of the 4th over - 1 run(s), 1 hit(s), 0 error(s), 2 left on base; Yellowknife 1 - Gwinnett County 4
BOTTOM OF THE 4TH
Gwinnett County Black Cats batting - Pitching for Yellowknife Dragonblood : RHP Cecil Szatkowski
Batting: RHB Edgar Balerio 0-0: Ball
1-0: Fly out, F9 (Flyball, 9S)
Batting: RHB Sidney Mackell 0-0: Ball
1-0: Ball
2-0: Called Strike
2-1: Fly out, F9 (Line Drive, 89S)
Batting: LHB Ramón Vega 0-0: Called Strike
0-1: SINGLE (Groundball, 4MD)
Pitching: RHP Hasegawa Shoin
Batting: SHB Ted Tullo 0-0: Called Strike
Ramón Vega steals 2nd base
0-1: Foul Ball, location: 2F
0-2: Ball
1-2: Ball
2-2: Ball
3-2: Ground out U3 (Groundball, 3L)
Bottom of the 4th over - 0 run(s), 1 hit(s), 0 error(s), 1 left on base; Yellowknife 1 - Gwinnett County 4
TOP OF THE 5TH
Yellowknife Dragonblood batting - Pitching for Gwinnett County Black Cats : RHP Luis Villabos
Batting: RHB Chong-yee Au-Yong 0-0: Called Strike
0-1: Ball
1-1: Foul Ball, location: 2F
1-2: Ball
2-2: Ball
3-2: Base on Balls
Batting: RHB Alejandro Bracamonte 0-0: Sac Bunt - play at first, batter OUT! 5-3
Chong-yee Au-Yong to second
Batting: RHB Cosmo Castanhedo 0-0: Called Strike
0-1: Called Strike
0-2: Ball
1-2: Ground out 4-3 (Groundball, 4)
Chong-yee Au-Yong to third
Batting: LHB Jeff Lawson 0-0: Ground out 6-3 (Groundball, 6)
Top of the 5th over - 0 run(s), 0 hit(s), 0 error(s), 1 left on base; Yellowknife 1 - Gwinnett County 4
BOTTOM OF THE 5TH
Gwinnett County Black Cats batting - Pitching for Yellowknife Dragonblood : RHP Hasegawa Shoin
Batting: LHB Koen van den Bogaert 0-0: Foul Ball, location: 2F
0-1: Ball
1-1: Foul Ball, location: 2F
1-2: Foul Ball, location: 2F
1-2: SINGLE (Groundball, 4D)
Batting: SHB Melito Báez 0-0: Ball
1-0: Ball
2-0: Foul Ball, location: 2F
2-1: Swinging Strike
2-2: Foul Ball, location: 2F
2-2: Strikes out swinging
Batting: LHB Octávio Ontiveros 0-0: Swinging Strike
0-1: Called Strike
0-2: Ball
1-2: Strikes out swinging
Batting: RHB Chang-lit Min 0-0: Called Strike
0-1: Called Strike
0-2: Fielders Choice at 2nd, 6-4 (Groundball, 6)
Bottom of the 5th over - 0 run(s), 1 hit(s), 0 error(s), 0 left on base; Yellowknife 1 - Gwinnett County 4
TOP OF THE 6TH
Yellowknife Dragonblood batting - Pitching for Gwinnett County Black Cats : RHP Luis Villabos
Batting: RHB Keith Kamen 0-0: Swinging Strike
0-1: Swinging Strike
0-2: Ball
1-2: Strikes out swinging
Batting: RHB Felipe Campos 0-0: Swinging Strike
0-1: Ball
1-1: Ball
2-1: Ball
3-1: SOLO HOME RUN (Flyball, 7D), Distance : 390 ft
Batting: RHB Seth Rollins 0-0: Foul Ball, location: 2F
0-1: Called Strike
0-2: Strikes out looking
Batting: LHB Steven Mitchell 0-0: Called Strike
0-1: Called Strike
0-2: Ball
1-2: Ball
2-2: Strikes out swinging
Top of the 6th over - 1 run(s), 1 hit(s), 0 error(s), 0 left on base; Yellowknife 2 - Gwinnett County 4
BOTTOM OF THE 6TH
Gwinnett County Black Cats batting - Pitching for Yellowknife Dragonblood : RHP Hasegawa Shoin
Batting: RHB Rikky van Opel 0-0: Foul Ball, location: 2F
0-1: Fly out, F6 (Popup, 6D)
Batting: RHB Edgar Balerio 0-0: Ball
1-0: SINGLE (Line Drive, 8LS)
Batting: RHB Sidney Mackell 0-0: Grounds into double play, 5-4-3 (Groundball, 5)
Bottom of the 6th over - 0 run(s), 1 hit(s), 0 error(s), 0 left on base; Yellowknife 2 - Gwinnett County 4
TOP OF THE 7TH
Yellowknife Dragonblood batting - Pitching for Gwinnett County Black Cats : RHP Luis Villabos
Batting: RHB Arturo Sánchez 0-0: Called Strike
0-1: Swinging Strike
0-2: Foul Ball, location: 2F
0-2: Ball
1-2: Strikes out swinging
Batting: RHB Chong-yee Au-Yong 0-0: Foul Ball, location: 2F
0-1: Ball
1-1: Ground out 1-3 (Groundball, 15S)
Batting: RHB Alejandro Bracamonte 0-0: Called Strike
0-1: Ball
1-1: Swinging Strike
1-2: Foul Ball, location: 2F
1-2: Strikes out swinging
Top of the 7th over - 0 run(s), 0 hit(s), 0 error(s), 0 left on base; Yellowknife 2 - Gwinnett County 4
BOTTOM OF THE 7TH
Gwinnett County Black Cats batting - Pitching for Yellowknife Dragonblood : RHP Hasegawa Shoin
Batting: LHB Ramón Vega 0-0: Called Strike
0-1: Ground out 4-3 (Groundball, 4)
Batting: SHB Ted Tullo 0-0: Fly out, F8 (Line Drive, 8RM)
Batting: LHB Koen van den Bogaert 0-0: Swinging Strike
0-1: Ball
1-1: Swinging Strike
1-2: Strikes out looking
Bottom of the 7th over - 0 run(s), 0 hit(s), 0 error(s), 0 left on base; Yellowknife 2 - Gwinnett County 4
TOP OF THE 8TH
Yellowknife Dragonblood batting - Pitching for Gwinnett County Black Cats : RHP Luis Villabos
Batting: RHB Cosmo Castanhedo 0-0: Foul Ball, location: 2F
0-1: Swinging Strike
0-2: Ball
1-2: Strikes out swinging
Batting: LHB Jeff Lawson 0-0: Ball
1-0: Swinging Strike
1-1: Foul Ball, location: 2F
1-2: Ball
2-2: Strikes out looking
Batting: RHB Keith Kamen 0-0: Ball
1-0: Foul Ball, location: 2F
1-1: Ball
2-1: Foul Ball, location: 2F
2-2: Ball
3-2: Base on Balls
Pitching: RHP Rafael Méndez
Pinch Runner at 1st Rob Berry:
Batting: RHB Felipe Campos 0-0: Ball
1-0: Called Strike
1-1: Foul Ball, location: 2F
1-2: Ball
2-2: DOUBLE (Line Drive, 7D)
Rob Berry to third
Runner from 3rd tries for Home, SAFE, no throw
Pitching: RHP Héctor Salazar
Pinch Hitting: SHB Miguel Herrera 0-0: Ball
1-0: Foul Ball, location: 2F
1-1: Swinging Strike
1-2: Ball
2-2: Ball
3-2: Hit by Pitch
Batting: LHB Steven Mitchell 0-0: Called Strike
0-1: Called Strike
0-2: Strikes out looking
Top of the 8th over - 1 run(s), 1 hit(s), 0 error(s), 2 left on base; Yellowknife 3 - Gwinnett County 4
BOTTOM OF THE 8TH
Gwinnett County Black Cats batting - Pitching for Yellowknife Dragonblood : RHP Hasegawa Shoin
Now at 1B: Andrés Escobar
Now at SS: Rob Berry
Batting: SHB Melito Báez 0-0: Called Strike
0-1: Swinging Strike
0-2: Fly out, F7 (Flyball, 78M)
Batting: LHB Octávio Ontiveros 0-0: Ball
1-0: Ball
2-0: Called Strike
2-1: Called Strike
2-2: Ball
3-2: Base on Balls
Pinch Hitting: LHB Darrell Woodmansee 0-0: Called Strike
0-1: Foul Ball, location: 2F
0-2: Foul Ball, location: 2F
0-2: Ball
1-2: Strikes out swinging
Batting: RHB Rikky van Opel 0-0: Fielders Choice at 2nd, 5-4 (Groundball, 56)
Bottom of the 8th over - 0 run(s), 0 hit(s), 0 error(s), 0 left on base; Yellowknife 3 - Gwinnett County 4
TOP OF THE 9TH
Yellowknife Dragonblood batting - Pitching for Gwinnett County Black Cats : RHP Héctor Salazar
Pitching: RHP José Quintero
Now in LF: Darrell Woodmansee
Pinch Hitting: LHB Ramón Guzmán 0-0: Ball
1-0: Ball
2-0: Called Strike
2-1: Foul Ball, location: 2F
2-2: Ball
3-2: Strikes out swinging
Batting: RHB Chong-yee Au-Yong 0-0: Foul Ball, location: 2F
0-1: Foul Ball, location: 2F
0-2: Strikes out swinging
Pinch Hitting: RHB Mareka Naidoo 0-0: SINGLE (Line Drive, 89M)
Pinch Hitting: RHB Sergio Peña 0-0: Called Strike
0-1: Ball
1-1: Foul Ball, location: 2F
1-2: Strikes out looking
Top of the 9th over - 0 run(s), 1 hit(s), 0 error(s), 1 left on base; Yellowknife 3 - Gwinnett County 4
Monday, March 20th, 2017 - OOTP Baseball 17.12 Build 75